 Dungeon Crawl Stone Soup version 0.19.5 (webtiles) character file.

30 devil0150 the Magician (level 3, -3/21 HPs)
             Began as a High Elf Wizard on Apr 10, 2017.
             Slain by a bullfrog (4 damage)
             ... on level 4 of the Dungeon.
             The game lasted 00:05:15 (1375 turns).

devil0150 the Magician (High Elf Wizard)            Turns: 1375, Time: 00:05:16

Health: -3/21      AC:  3    Str:  6    XL:     3   Next: 5%
Magic:  3/9        EV: 13    Int: 22    God:
Gold:   62         SH:  0    Dex: 14    Spells: 1 memorised, 9 levels left

rFire  . . .     SeeInvis .     j - +0 dagger
rCold  . . .     Gourm    .     a - +1 robe
rNeg   . . .     Faith    .     (no shield)
rPois  .         Spirit   .     b - +0 hat
rElec  .         Reflect  .     (no cloak)
rCorr  .         Harm     .     (no gloves)
MR     .....                    (no boots)
Stlth  ++........               (no amulet)
                                (no ring)
                                (no ring)

@: about to teleport, very slightly contaminated
A: no striking features
a: no special abilities


You were on level 4 of the Dungeon.
You were not hungry.

You visited 1 branch of the dungeon, and saw 3 of its levels.

You collected 62 gold pieces.

Inventory:

Hand Weapons
 i - a +0 spear
 j - a +0 dagger (weapon)
Armour
 a - a +1 robe (worn)
 b - a +0 hat (worn)
Scrolls
 k - 4 scrolls of random uselessness
Potions
 e - 2 potions of might {unknown}
 h - 3 potions of haste {unknown}
 l - 2 potions of curing {unknown}
Books
 c - a book of Minor Magic

   Spells                             Type                      Level
   a - Magic Dart                     Conjuration                  1
   b - Blink                          Translocation                2
   c - Call Imp                       Summoning                    2
   d - Repel Missiles                 Charms/Air                   2
   e - Slow                           Hexes                        2
   f - Conjure Flame                  Conjuration/Fire             3
   g - Mephitic Cloud                 Conjuration/Poison/Air       3
Comestibles
 d - a bread ration
 f - a chunk of flesh
 g - a beef jerky


   Skills:
 + Level 0.5 Short Blades
 + Level 2.3 Dodging
 + Level 2.4 Stealth
 + Level 4.4 Spellcasting
 + Level 1.5 Conjurations
   Level 0.8 Summonings
   Level 1.1 Translocations


You had 9 spell levels left.
You knew the following spells:

 Your Spells              Type           Power        Failure   Level  Hunger
a - Magic Dart            Conj           ##..         8%          1    None


Dungeon Overview and Level Annotations

Branches:
Dungeon (2/15)

Altars:
Uskayaw


Message History

The bullfrog closely misses you.
Casting: Magic Dart
Confirm with . or Enter, or press ? or * to list all spells.
Aiming: Magic Dart
Press: ? - help, Shift-Dir - straight line, f/p - bullfrog
Aim: a bullfrog (severely wounded)
The magic dart hits the bullfrog.
The bullfrog is severely wounded.
The bullfrog hits you. The bullfrog barely misses you. The bullfrog hits you.
Unknown command.
The bullfrog barely misses you. The bullfrog hits you!
* * * LOW HITPOINT WARNING * * *
Okay, then.
As you read the scroll of teleportation, it crumbles to dust.
You feel strangely unstable.
The bullfrog hits you but does no damage. x2
The bullfrog hits you.
You die...

#. #####.).#...#
#.#######.###..#.#
#.#.......# #.##.#
##l#.#####.###.##.## ..
##....#...# #. ##.........
#.### ##........#
##...######.........# #
##........aF@.........
#.##.>.....####.........#
##........^.# ##........#
#...#.......#####......###
#....................###
...###...#######..#.# ###
##....... ..#.# ########
... .


You could see a bullfrog and a worker ant.

Vanquished Creatures
  An ooze (D:1)
  A dart slug (D:1)
  2 leopard geckos (D:1)
  An orc (D:4)
  3 goblins
  3 hobgoblins (D:1)
  4 bats (D:1)
  A frilled lizard (D:1)
  4 rats (D:1)
20 creatures vanquished.

Notes
Turn   | Place    | Note
-------+----------+-------------------------------------------
     0 | D:1      | devil0150 the High Elf Wizard began the quest for the Orb.
     0 | D:1      | Reached XP level 1. HP: 11/11 MP: 6/6
   365 | D:1      | Reached skill level 4 in Spellcasting
   365 | D:1      | Reached XP level 2. HP: 13/17 MP: 2/8
  1258 | D:2      | Reached XP level 3. HP: 21/21 MP: 7/9
  1272 | D:2      | Found a hide-covered altar of Uskayaw.
  1277 | D:2      | You fall through a shaft for 2 floors!
  1330 | D:4      | Noticed a bullfrog
  1371 | D:4      | HP: 1/21 [bullfrog (9)]
  1375 | D:4      | Slain by a bullfrog

Skill      XL: |  1 |
---------------+----+-----
Spellcasting   | 4 |  4.4
Short Blades   | |  0.5
Dodging        | |  2.3
Stealth        | |  2.4
Conjurations   | |  1.5
Summonings     | |  0.8
Translocations | |  1.1

Action                   || total
-------------------------++-------
Melee: Spear             ||     3
       Dagger            ||     1
 Cast: Magic Dart        ||    64
  Use: Scroll            ||     5
  Eat: Chunk             ||     1
Armor: Robe              ||     9
Dodge: Dodged            ||    26
